 Dungeon Crawl Stone Soup version 0.19-a0-559-ga3d69d0 (webtiles) character file.

21 ololoev the Firebug (level 2, -1/15 HPs)
             Began as a Deep Elf Fire Elementalist on June 8, 2016.
             Slain by a scorpion (6 damage)
             ... on level 4 of the Dungeon.
             The game lasted 00:03:01 (480 turns).

ololoev the Firebug (Deep Elf Fire Elementalist)     Turns: 480, Time: 00:03:02

Health: -1/15      AC:  2    Str:  5    XL:     2   Next: 65%
Magic:  0/8        EV: 13    Int: 19    God:
Gold:   72         SH:  0    Dex: 15    Spells: 1 memorised, 6 levels left

rFire  . . .     SeeInvis .     g - +2 flail (drain)
rCold  . . .     Gourm    .     a - +0 robe
rNeg   . . .     Faith    .     (no shield)
rPois  .         Spirit   .     (no helmet)
rElec  .         Dismiss  .     (no cloak)
rCorr  .         Reflect  .     (no gloves)
SustAt .         Harm     .     (no boots)
MR     .....                    (no amulet)
Stlth  ++........               (no ring)
                                (no ring)

@: not resistant to hostile enchantments, unstealthy
A: no striking features
a: no special abilities

Inventory:

Hand Weapons
 g - a +2 flail of draining (weapon)
Armour
 a - a +0 robe (worn)
Scrolls
 d - a scroll of amnesia {unknown}
 e - 2 scrolls of fear {unknown}
 f - a scroll of identify {unknown}
 h - 2 scrolls of remove curse {unknown}
Potions
 i - a potion of haste {unknown}
 j - a potion of mutation {unknown}
Books
 b - a book of Flames

   Spells                             Type                      Level
   a - Flame Tongue                   Conjuration/Fire             1
   b - Throw Flame                    Conjuration/Fire             2
   c - Conjure Flame                  Conjuration/Fire             3
   d - Inner Flame                    Hexes/Fire                   3
   e - Sticky Flame                   Conjuration/Fire             4
   f - Fireball                       Conjuration/Fire             5
Comestibles
 c - a bread ration


   Skills:
 - Level 2.4 Dodging
 - Level 2.4 Stealth
 + Level 3.2 Spellcasting
 * Level 2.1 Conjurations
 + Level 3.7 Fire Magic


You had 6 spell levels left.
You knew the following spells:

 Your Spells              Type           Power        Failure   Level  Hunger
a - Flame Tongue          Conj/Fire      ##...        6%          1    None


You were on level 4 of the Dungeon.
You were not hungry.

You visited 1 branch of the dungeon, and saw 5 of its levels.

You collected 72 gold pieces.

#.# ##..#.#####.
###.# #..#.......
..#.# #..########
#.#.# #... # #.#.#
#.## # #[#.# #.# #
#.#.####.# #
#s#.....>#
#@#####..######.#
#.#####.........##
#.....#...........
#####.#.#.########
###.......#
#.....#.###
#.).#.#.#
#######.# ..#

Notes
Turn   | Place    | Note
--------------------------------------------------------------
     0 | D:1      | ololoev the Deep Elf Fire Elementalist began the quest for the Orb.
     0 | D:1      | Reached XP level 1. HP: 10/10 MP: 6/6
    10 | D:1      | jacquesderrida: ну че лалиев
    33 | D:1      | jacquesderrida: Готов к смайтящим пчелам?
    36 | D:1      | ololoev: почти
   118 | D:2      | jacquesderrida: Видел уже?
   132 | D:2      | ololoev: да
   132 | D:2      | ololoev: а
   132 | D:2      | ololoev: в игре нет
   132 | D:2      | ololoev: коммит только видел
   132 | D:2      | jacquesderrida: Ага
   132 | D:2      | jacquesderrida: Пздц страшна
   132 | D:2      | ololoev: чет в таверне мой вопрос "фигли деки убрали?" вызвал срач на 2 страницы
   202 | D:2      | jacquesderrida: полен голен пришел шытпостить
   204 | D:2      | Found an opulent altar of Gozag.
   210 | D:2      | Found a shimmering altar of Xom.
   214 | D:2      | Reached XP level 2. HP: 15/15 MP: 5/8
   216 | D:2      | Found a hide-covered altar of Uskayaw.
   337 | D:5      | Entered Level 5 of the Dungeon
   470 | D:4      | Noticed a scorpion
   480 | D:4      | Slain by a scorpion

Dungeon Overview and Level Annotations

Branches:
Dungeon (5/15)
 Temple: D:4-7

Altars:
Gozag
Uskayaw
Xom


Message History

There is a stone staircase leading up here.
You see here a robe.
Found a glowing ring mail.
Found an emerald potion.
You see here a glowing ring mail.
j - an emerald potion
Found a short sword.
Found a stone staircase leading down.
There is a stone staircase leading down here.
You climb downwards.
There is a stone staircase leading up here.
You climb upwards.
There is a stone staircase leading down here.
Found an escape hatch in the floor.
Found a falchion.
A scorpion comes into view.
Found a robe.
The scorpion stings you.
Casting: Flame Tongue
Confirm with . or Enter, or press ? or * to list all spells.
Aiming: Flame Tongue
Press: ? - help, Shift-Dir - straight line, f - scorpion
Aim: a scorpion The flame tongue hits the scorpion.
The scorpion appears unharmed.
The scorpion closely misses you.
Casting: Flame Tongue
Confirm with . or Enter, or press ? or * to list all spells.
Aiming: Flame Tongue
Press: ? - help, Shift-Dir - straight line, f/p - scorpion
Aim: a scorpion The flame tongue hits the scorpion.
The scorpion is moderately wounded.
The scorpion stings you.
Casting: Flame Tongue
Confirm with . or Enter, or press ? or * to list all spells.
Aiming: Flame Tongue
Press: ? - help, Shift-Dir - straight line, f/p - scorpion
Aim: a scorpion (moderately wounded)
The flame tongue hits the scorpion.
The scorpion is moderately wounded.
The scorpion stings you!
Casting: Flame Tongue
Confirm with . or Enter, or press ? or * to list all spells.
Aiming: Flame Tongue
Press: ? - help, Shift-Dir - straight line, f/p - scorpion
Aim: a scorpion (moderately wounded)
The flame tongue hits the scorpion.
The scorpion is moderately wounded.
The scorpion misses you.
Casting: Flame Tongue
Confirm with . or Enter, or press ? or * to list all spells.
Aiming: Flame Tongue
Press: ? - help, Shift-Dir - straight line, f/p - scorpion
Aim: a scorpion (moderately wounded)
The flame tongue hits the scorpion.
The scorpion is heavily wounded.
The scorpion stings you.
Casting: Flame Tongue
Confirm with . or Enter, or press ? or * to list all spells.
Aiming: Flame Tongue
Press: ? - help, Shift-Dir - straight line, f/p - scorpion
Aim: a scorpion (heavily wounded)
The flame tongue hits the scorpion.
The scorpion is severely wounded.
The scorpion barely misses you.
Casting: Flame Tongue
Confirm with . or Enter, or press ? or * to list all spells.
Aiming: Flame Tongue
Press: ? - help, Shift-Dir - straight line, f/p - scorpion
Aim: a scorpion (severely wounded)
The flame tongue misses the scorpion.
The scorpion barely misses you.
Casting: Flame Tongue
Confirm with . or Enter, or press ? or * to list all spells.
Aiming: Flame Tongue
Press: ? - help, Shift-Dir - straight line, f/p - scorpion
Aim: a scorpion (severely wounded)
The flame tongue hits the scorpion.
The scorpion appears unharmed.
The scorpion is severely wounded.
The scorpion stings you.
You die...

You could see a scorpion.

Vanquished Creatures
  An adder (D:2)
  2 dart slugs (D:2)
  A giant gecko (D:2)
  2 goblins
  A bat (D:2)
  A kobold (D:2)
8 creatures vanquished.

Action                   || total
-------------------------++-------
Melee: Flail             ||     6
 Cast: Flame Tongue      ||    19
Armor: Robe              ||     1
Dodge: Dodged            ||    14

Vault maps used:
D:1:      dpeg_arrival_arbitrary_a, minmay_misc_feat_pillars,
          minmay_gold_behind_fungi
D:2:      minmay_overflow_temple_star_quad
D:3:      nicolae_overflow_hidden_temple, first_bread, ecumenical_altar_2,
          uniq_crazy_yiuf_cottage
D:4:      minmay_temple_entry_mist
